AoeStats
← taki英语课睡觉

Fortress

509588700Analyzed
4v4 RM · 6d ago on Sep 27, 2026· 41m 3s· 8 players
Game mode
Random Map
Map size
Huge
Population
200
Speed
Normal
Resources
Standard
Victory
Conquest
Starting age
Dark Age
Ending age
Imperial Age
RankedLock teamsTeams togetherTeam positionsShared explorationLock speedFull tech treeHidden civsTurbo modeCheats
Victory
Defeat
🇬🇧 Slavs · United Kingdom
1266
+14
🇺🇸 Chinese · United States
1265
+14
🇮🇱 Turks · Israel
1259
+15
🇺🇸 Khmer · United States
1227
+16
🇨🇳 Mapuche · China
1269
-16
🇭🇰 Goths · Hong Kong SAR China
1244
-15
🇹🇼 Sicilians · Taiwan
1228
-15
🇹🇼 Aztecs · Taiwan
1173
-13
Chunkles
0:44 Loom
6:04 Feudal Age
6:38 Double-Bit Axe
6:36 Horse Collar
8:53 Gold Mining
14:48 Castle Age
13:58 Wheelbarrow
16:05 Bow Saw
15:58 Heavy Plow
21:01 Hand Cart
25:05 Town Watch
28:09 Scale Barding Armor
28:14 Forging
27:55 Fletching
28:43 Town Patrol
33:30 Imperial Age
32:02 Bloodlines
31:53 Husbandry
32:30 Iron Casting
32:15 Chain Barding Armor
31:58 Bodkin Arrow
31:33 Light Cavalry
33:39 Ballistics
35:35 Blast Furnace
35:12 Plate Barding Armor
35:15 Siege Engineers
36:10 Chemistry
34:42 Hussar
35:30 Bracer
35:42 Masonry
36:13 Conscription
35:56 Double Crossbow
37:16 Elite Ballista Elephant
40:27 Crop Rotation
40:35 Architecture
40:01 Murder Holes
Zenar
0:58 Loom
9:06 Feudal Age
13:01 Castle Age
11:01 Double-Bit Axe
11:11 Horse Collar
12:52 Gold Mining
13:58 Bow Saw
14:25 Wheelbarrow
13:53 Heavy Plow
20:02 Stone Mining
26:14 Imperial Age
24:10 Squires
24:52 Padded Archer Armor
24:49 Fletching
26:14 Bodkin Arrow
26:34 Leather Archer Armor
27:28 Ballistics
27:32 Conscription
28:31 Ring Archer Armor
28:51 Hand Cart
28:42 Town Watch
28:59 Bracer
30:04 Chemistry
29:01 Murder Holes
29:19 Fortified Wall
30:45 Elite Chu Ko Nu
35:38 Thumb Ring
Mike
8:01 Feudal Age
11:55 Castle Age
10:02 Double-Bit Axe
10:03 Horse Collar
13:10 Bow Saw
13:59 Heavy Plow
19:40 Loom
20:01 Gold Mining
21:25 Wheelbarrow
22:30 Gold Shaft Mining
25:24 Imperial Age
24:55 Fletching
25:07 Padded Archer Armor
25:32 Ballistics
25:47 Hand Cart
25:49 Fortified Wall
25:27 Treadmill Crane
25:59 Fortified Wall
26:10 Bodkin Arrow
27:02 Bracer
28:05 Artillery
29:34 Two-Man Saw
32:45 Thumb Ring
33:01 Leather Archer Armor
39:39 Conscription
39:53 Ring Archer Armor
Roflcopter
6:53 Feudal Age
11:10 Castle Age
9:07 Double-Bit Axe
9:58 Horse Collar
12:28 Bow Saw
12:41 Loom
13:24 Heavy Plow
21:15 Wheelbarrow
24:07 Imperial Age
22:06 Scale Barding Armor
22:30 Detinets
24:01 Hand Cart
23:35 Town Watch
24:48 Chain Barding Armor
25:42 Conscription
27:07 Plate Barding Armor
27:07 Fletching
27:53 Siege Engineers
29:49 Two-Man Saw
28:56 Capped Ram
29:02 Elite Boyar
30:31 Forging
30:34 Masonry
30:21 Siege Ram
31:52 Bodkin Arrow
32:59 Iron Casting
33:36 Scale Mail Armor
33:00 Man-at-Arms
33:59 Druzhina
34:00 Long Swordsman
34:42 Squires
35:37 Chain Mail Armor
34:58 Two-Handed Swordsman
37:36 Plate Mail Armor
39:00 Gold Mining
38:35 Champion
傳奇商店
9:20 Feudal Age
11:58 Double-Bit Axe
14:29 Castle Age
13:11 Horse Collar
15:49 Gambesons
16:05 Squires
15:50 Arson
19:34 Imperial Age
18:50 Bow Saw
18:48 Heavy Plow
18:48 Gold Mining
21:38 Loom
22:28 Wheelbarrow
23:21 Chemistry
26:36 Hand Cart
26:22 Elite Serjeant
28:39 Conscription
28:54 First Crusade
30:44 Forging
30:34 Scale Mail Armor
31:34 Crop Rotation
taki英语课睡觉
2:39 Loom
7:33 Feudal Age
11:24 Castle Age
9:51 Double-Bit Axe
9:48 Horse Collar
13:22 Bow Saw
18:44 Wheelbarrow
20:02 Hand Cart
20:35 Gold Mining
25:16 Imperial Age
23:34 Anarchy
23:46 Squires
24:45 Forging
24:36 Scale Mail Armor
26:21 Iron Casting
25:35 Elite Huskarl
26:51 Chain Mail Armor
28:29 Blast Furnace
35:55 Conscription
35:36 Perfusion
Soyo不用學英文
7:26 Feudal Age
8:36 Town Watch
11:32 Castle Age
9:29 Double-Bit Axe
10:19 Horse Collar
14:42 Bow Saw
14:35 Horse Collar
21:21 Wheelbarrow
25:49 Imperial Age
23:07 Loom
24:03 Hand Cart
23:48 Gold Mining
25:19 Gold Shaft Mining
25:07 Fletching
25:17 Padded Archer Armor
25:41 Ballistics
26:19 Bodkin Arrow
26:57 Conscription
26:42 Malon
26:32 Elite Bolas Rider
28:50 Leather Archer Armor
30:21 Ring Archer Armor
30:56 Chemistry
30:24 Butalmapu
34:19 Caravan
37:17 Elite Kona
40:49 Heavy Plow
椰子
1:15 Loom
7:46 Feudal Age
8:56 Double-Bit Axe
11:37 Castle Age
13:00 Bow Saw
16:55 Gold Mining
18:48 Elite Skirmisher
19:52 Horse Collar
21:04 Squires
21:47 Fletching
25:49 Bodkin Arrow
26:17 Eagle Warrior
27:01 Padded Archer Armor
28:15 Scale Mail Armor
31:43 Leather Archer Armor
32:08 Atlatl
32:49 Crossbowman
Connection lost

Rejoining the realm…

Still unreachable

The connection could not be restored.

Session expired

The server has moved on; the page needs a fresh start.